 Dungeon Crawl Stone Soup version 0.28.0-53-g5a82cb258f (webtiles) character file.

Game seed: 18308138433238597936

0 joe1234567 the Skirmisher (level 1, 9/17 HPs)
             Began as a Vampire Wanderer on May 19, 2022.
             Quit the game on level 1 of the Dungeon on June 7, 2022.
             The game lasted 00:01:45 (199 turns).

joe1234567 the Skirmisher (Vampire Wanderer)         Turns: 199, Time: 00:01:46

Health: 9/17       AC:  3    Str: 11    XL:     1   Next: 8%
Magic:  1/1        EV: 12    Int: 12    God:
Gold:   0          SH:  0    Dex: 15    Spells: 0/0 levels left

rFire   . . .      SeeInvis +   a - +2 shortbow
rCold   . . .      Faith    .   (shield currently unavailable)
rNeg    . . .      Spirit   .   e - +0 robe
rPois   .          Reflect  .   d - +0 helmet
rElec   .          Harm     .   (no cloak)
rCorr   .          Rampage  .   (no gloves)
Will    .....                   (no boots)
Stlth   ++........              (no amulet)
HPRegen 0.25/turn               (no ring)
MPRegen 0.07/turn               (no ring)

@: healing quickly
A: alive, fangs 3, see invisible, vampiric 1
a: Exsanguinate


You were on level 1 of the Dungeon.
You visited 1 branch of the dungeon, and saw 1 of its levels.

Inventory:

Hand Weapons
 a - a +2 shortbow (weapon)
 c - a +0 mace
Missiles
 b - 20 arrows (quivered ammo)
Armour
 d - a +0 helmet (worn)
 e - a +0 robe (worn)


   Skills:
 + Level 2.6 Fighting
 + Level 1.0 Maces & Flails
 + Level 1.6 Bows
 + Level 1.5 Armour
 + Level 1.1 Dodging
 + Level 1.5 Stealth


You couldn't memorise any spells.
You didn't know any spells.
Your spell library was empty.

Dungeon Overview and Level Annotations

Branches:
Dungeon (1/15)

Altars:


Innate Abilities, Weirdness & Mutations

Your natural rate of healing is accelerated.
You have razor-sharp teeth.
You have supernaturally acute eyesight. (SInv)
You are afflicted with vampirism.


Message History

You clumsily bash the rat but do no damage.
The rat misses you.
You clumsily bash the rat but do no damage.
The rat barely misses you. The rat bites you but does no damage.
You clumsily bash the rat but do no damage.
You bite the rat.
The rat is moderately wounded.
The rat bites you.
You clumsily bash the rat but do no damage.
The rat is moderately wounded.
The rat closely misses you. The rat bites you but does no damage.
You barely miss the rat.
The rat is moderately wounded.
The rat closely misses you.
You clumsily bash the rat but do no damage.
The rat is moderately wounded.
The rat barely misses you.
The rat twitches its whiskers.
The rat bites you but does no damage.
You clumsily bash the rat but do no damage.
The rat is moderately wounded.
The rat barely misses you.
You barely miss the rat.
The rat is moderately wounded.
The rat misses you. The rat bites you but does no damage.
You clumsily bash the rat but do no damage.
The rat is moderately wounded.
The rat closely misses you.
You clumsily bash the rat but do no damage.
The rat is moderately wounded.
The rat bites you. The rat bites you but does no damage.
You clumsily bash the rat but do no damage.
The rat is moderately wounded.
The rat completely misses you.
You clumsily bash the rat but do no damage.
The rat is moderately wounded.
The rat barely misses you. x2
Welcome back, joe1234567 the Vampire Wanderer.
Press ? for a list of commands and other information.
Are you sure you want to abandon this character and quit the game? (Confirm with "yes".)

###.##.......##.
#.......#####.....
#.......#......###
#.......#.####.# .
#.......#.# #.#..
#..g...#.# ..#.#
#...w..#.# ###..
#########.# #.#
#@........#
#r######### #.#
#.. ###


You could see a rat.

Vanquished Creatures
  A kobold (D:1)
1 creature vanquished.

Notes
Turn   | Place    | Note
-------+----------+-------------------------------------------
     0 | D:1      | joe1234567 the Vampire Wanderer began the quest for the
                  | Orb.
     0 | D:1      | joe1234567 set off with the following items: a +2 shortbow,
                  | 20 arrows, a +0 mace, a +0 helmet, a +0 robe
     0 | D:1      | Reached XP level 1. HP: 17/17 MP: 1/1
   142 | D:1      | Upgraded the game from 0.28.0-49-g6dfe1f597d to
                  | 0.28.0-53-g5a82cb258f
   199 | D:1      | Quit the game

Illustrated notes

Levels and vault maps discovered:
D:1:      lightli_arrival_statuegarden, layout_loops_cross,
          serial_co_window_serial, co_window_corner_a, co_window_paths_b,
          co_window_corner_a, co_window_corner_a, co_window_paths_b,
          co_window_of_opportunity_b, co_window_corner_ca, co_window_corner_b,
          co_window_unsneaky_path_a, co_window_unsneaky_path_c,
          co_window_of_opportunity_c, glass_columns_a, glass_columns_a,
          glass_columns_a, glass_columns_a

Action                   || total
-------------------------++-------
Melee: Shortbow          ||    57
       Bite              ||     2
 Fire: Shortbow          ||     1
Armor: Robe              ||    24
Dodge: Dodged            ||    43
